 Dungeon Crawl Stone Soup version 0.28-a0-1339-ga5422284a4 (webtiles) character file.

Game seed: 8064024755444286245

4 ReploidZero the Sneak (level 1, -1/12 HPs)
             Began as a Kobold Brigand on Dec 28, 2021.
             Frozen to death by an endoplasm (2 damage)
             ... on level 1 of the Dungeon.
             The game lasted 00:01:03 (132 turns).

ReploidZero the Sneak (Kobold Brigand)               Turns: 132, Time: 00:01:04

Health: -1/12      AC:  3    Str:  8    XL:     1   Next: 77%
Magic:  1/1        EV: 14    Int: 12    God:
Gold:   13         SH:  0    Dex: 16    Spells: 0/0 levels left

rFire   . . .      SeeInvis .   a - +2 dagger
rCold   . . .      Faith    .   (no shield)
rNeg    . . .      Spirit   .   b - +0 robe
rPois   .          Reflect  .   (no helmet)
rElec   .          Harm     .   c - +0 cloak
rCorr   .          Rampage  .   (no gloves)
Will    .....                   (no boots)
Stlth   ++++......              (no amulet)
HPRegen 0.04/turn               (no ring)
MPRegen 0.07/turn               (no ring)

@: no status effects
A: small, no large weapons, nightstalker 3
a: no special abilities


You were on level 1 of the Dungeon.
You visited 1 branch of the dungeon, and saw 1 of its levels.

You collected 13 gold pieces.

Inventory:

Hand Weapons
 a - a +2 dagger (weapon)
Missiles
 d - 8 poisoned darts (quivered)
 e - 2 curare-tipped darts
Armour
 b - a +0 robe (worn)
 c - a +0 cloak (worn)


   Skills:
 + Level 2.3 Fighting
 + Level 2.8 Short Blades
 - Level 2.1 Throwing
 + Level 1.4 Dodging
 * Level 5.4 Stealth


You couldn't memorise any spells.
You didn't know any spells.
Your spell library was empty.

Dungeon Overview and Level Annotations

Branches:
Dungeon (1/15)

Altars:


Innate Abilities, Weirdness & Mutations

You are small and have problems with some larger weapons.
You are completely attuned to the shadows.


Message History

The hobgoblin barely misses you. The hobgoblin misses you.
The endoplasm hits you. The frilled lizard bites you.
* * * LOW HITPOINT WARNING * * *
The hobgoblin hits you but does no damage.
The goblin completely misses you.
You see here a scroll labelled LOCUEM QITA.
The kobold closely misses you. The endoplasm misses you.
The endoplasm jiggles.
The endoplasm jiggles.
Found a scroll labelled URARUWEOLA.
The ball python closely misses you. x3; The ball python barely misses you.
The endoplasm freezes you.
You are frozen.
* * * LOW HITPOINT WARNING * * *
You see here 26 sling bullets.
The endoplasm jiggles.
The endoplasm barely misses you.
You see here 26 sling bullets.
There is a staircase leading out of the dungeon here.
You see here a +0 leather armour.
You aren't carrying any scrolls.
You aren't carrying any potions.
Unknown command.
Found 27 stones.
The endoplasm jiggles.
A ball python comes into view.
The endoplasm freezes you.
You are frozen.
* * * LOW HITPOINT WARNING * * *
You hit the endoplasm.
The endoplasm is heavily wounded.
The endoplasm hits you.
* * * LOW HITPOINT WARNING * * *
You hit the endoplasm but do no damage.
The endoplasm is heavily wounded.
The endoplasm freezes you.
You are frozen.
You die...

#... .#.. #.#....##.
#.###.# #####...†#####
#.....# .......### #
###.#.#.### ##.l......
#.........# ###....#####
#####.#.#.#.#.###.....##
#..?....#.#..........##
..#.#.###.###J#.#.##.#
#....JS<(...@.#†#).#
##.#.###.###.#.##..##
#......#.#......#.#
####.#.#.#.#.###..#
#.........# ##
###.#.#.### #.....#
#.###.# #.. ###


You could see an endoplasm.

Vanquished Creatures
  A giant cockroach (D:1)
  A frilled lizard (D:1)
  2 goblins (D:1)
  A rat (D:1)
5 creatures vanquished.

Notes
Turn   | Place    | Note
-------+----------+-------------------------------------------
     0 | D:1      | ReploidZero the Kobold Brigand began the quest for the Orb.
     0 | D:1      | Reached XP level 1. HP: 12/12 MP: 1/1
   132 | D:1      | Frozen to death by an endoplasm

Illustrated notes

Levels and vault maps discovered:
D:1:      roderic_chinese_lattice_arrival, layout_rooms

Action                   || total
-------------------------++-------
Melee: Dagger            ||    17
 Stab: Sleeping          ||     3
Armor: Robe              ||     4
Dodge: Dodged            ||    21

Table legend: (Time is in decaauts)
 A = Elapsed time spent in this place.
 B = Non-inter-level travel time spent in this place.
 C = Inter-level travel time spent in this place.
 D = Time resting spent in this place.
 E = Time spent auto-exploring this place.
 F = Levels seen in this place.
 G = Mean time per level.
                   A        B        C        D        E       F      G
               +--------+--------+--------+--------+--------+-----+--------+
         Total |    129 |    129 |      0 |      0 |     28 |   1 |  129.0 |
       Dungeon |    129 |    129 |      0 |      0 |     28 |   1 |  129.0 |
               +--------+--------+--------+--------+--------+-----+--------+

Top non-repeatable levels by time:
     D:1: 129 daAuts
